 Dungeon Crawl Stone Soup version 0.30.1 (webtiles) character file.

Game seed: 17532046604192250423

1523 GimliDwarf the Thaumaturge (level 8, -9/60 HPs)
             Began as a Gnoll Wanderer on July 7, 2023.
             Was an Initiate of Yredelemnul.
             Mangled by a yak (14 damage)
             ... on level 5 of the Dungeon.
             The game lasted 00:20:47 (7108 turns).

GimliDwarf the Thaumaturge (Gnoll Wanderer)         Turns: 7108, Time: 00:20:47

Health: -9/60      AC:  4    Str:  9    XL:     8   Next: 84%
Magic:  11/20      EV: 12    Int: 19    God:    Yredelemnul [......]
Gold:   288        SH:  0    Dex:  9    Spells: 15/23 levels left

rFire   . . .        v - +2 dagger (venom)
rCold   + . .        (no shield)
rNeg    . . .        c - +0 robe
rPois   +            (no helmet)
rElec   .            w - scarf {repulsion}
rCorr   .            i - +1 pair of gloves
SInv    .            (no boots)
Will    .....        (no amulet)
Stlth   +++          g - ring of protection from cold
HPRegen 0.30/turn    u - ring of poison resistance
MPRegen 0.17/turn

%: repel missiles
@: about to teleport, very slightly contaminated
A: fangs 1, strong nose, distributed training
a: Renounce Religion, Recall Undead Harvest


You were on level 5 of the Dungeon.
You worshipped Yredelemnul.
Yredelemnul was noncommittal.
You visited 2 branches of the dungeon, and saw 7 of its levels.
You also visited: Sewer.

You collected 308 gold pieces.
You spent 20 gold pieces at shops.

Inventory:

Hand Weapons
 h - a +0 spectral short sword
 v - a +2 dagger of venom (weapon)
Armour
 c - a +0 robe (worn)
 f - a +0 cloak
 i - a +1 pair of gloves (worn)
 w - a scarf of repulsion (worn)
Jewellery
 g - a ring of protection from cold (left hand)
 u - a ring of poison resistance (right hand)
 x - a +6 ring of dexterity
Wands
 r - a wand of flame (8)
Scrolls
 b - 4 scrolls of teleportation
Potions
 a - 3 potions of heal wounds {unknown}
 e - a potion of flight
 j - a potion of brilliance {unknown}
 k - 2 potions of might
 l - 2 potions of curing {unknown}
 n - 2 potions of mutation
 o - a potion of magic {unknown}
 q - a potion of haste
 t - a potion of lignification {unknown}
Miscellaneous
 d - a piece from Xom's chessboard (15/15)


   Skills:
 + Level 3.7 Fighting
 + Level 3.7 Short Blades
 + Level 3.7 Long Blades
 + Level 3.7 Axes
 + Level 3.7 Maces & Flails
 + Level 3.7 Polearms
 + Level 3.7 Staves
 + Level 3.7 Ranged Weapons
 + Level 3.7 Throwing
 + Level 3.7 Armour
 + Level 3.7 Dodging
 + Level 5.7 Stealth
 + Level 3.7 Shields
 + Level 3.7 Unarmed Combat
 + Level 8.1 Spellcasting
 + Level 3.8 Conjurations
 + Level 3.1 Hexes
 + Level 3.1 Summonings
 + Level 3.1 Necromancy
 + Level 3.1 Translocations
 + Level 5.0 Transmutations
 + Level 3.1 Fire Magic
 + Level 3.1 Ice Magic
 + Level 3.1 Air Magic
 + Level 3.1 Earth Magic
 + Level 3.1 Poison Magic
 + Level 4.1 Invocations
 + Level 6.0 Evocations


You had 15 spell levels left.
You knew the following spells:

 Your Spells              Type           Power      Damage    Failure   Level
a - Magic Dart            Conj           88%        1d7       1%          1
b - Sting                 Tmut/Pois      92%        1d7       1%          1
c - Mephitic Cloud        Conj/Pois/Air  20%        N/A       7%          3
d - Vampiric Draining     Necr           19%        2d7       8%          3

Your spell library contained the following spells:

 Spells                   Type           Power      Damage    Failure   Level
 Beastly Appendage        Tmut           52%        N/A       1%          1
 Slow                     Hex            76%        N/A       2%          1
 Confusing Touch          Hex            19%        N/A       8%          3
 Ice Form                 Ice/Tmut       23%        N/A       17%         4
 Malign Gateway           Summ/Tloc      9%         N/A       100%        7
 Summon Horrible Things   Summ           9%         N/A       100%        8


Dungeon Overview and Level Annotations

Branches:
Dungeon (6/15)             Temple (1/1) D:4           Sewer (visited)

Altars:
Ashenzari
Cheibriados
Dithmenos
Elyvilon
Fedhas
Makhleb
Nemelex Xobeh
Okawaru
Uskayaw
Wu Jian
Yredelemnul
Zin
The Shining One

Shops:
D:1 ?   D:3 :   D:5 **

Annotations:
D:5 2 transporters, cayman329's ghost, amateur GnCA


Innate Abilities, Weirdness & Mutations

You have very sharp teeth.
Your uncanny sense of smell can sniff out nearby items.
Your experience applies equally to all skills.


Message History

Your bite misses the adder. The adder bites you but does no damage.
Your gnoll zombie hits the gnoll but does no damage.
The bullfrog hits your gnoll zombie!
Your gnoll zombie is destroyed!
Your iguana zombie closely misses the gnoll.
The yak is engulfed in noxious fumes.
The yak completely misses your gnoll zombie.
The gnoll barely misses you. The gnoll hits you with a +0 club.
Casting: Mephitic Cloud (dangerous; 7% risk of failure)
Confirm with . or Enter, or press ? or * to list all spells.
Aiming: Mephitic Cloud (dangerous; 7% risk of failure)
Press: ? - help, Shift-Dir - straight line You miscast Mephitic Cloud.
You are very lightly contaminated with residual magic.
Nothing appears to happen.
The adder closely misses you.
Your gnoll zombie barely misses the gnoll.
The yak gores your gnoll zombie!!
Your gnoll zombie is destroyed!
The gnoll closely misses you. The gnoll hits you with a +0 club.
The bullfrog hits you! The adder barely misses you.
Your iguana zombie bites the gnoll!
The gnoll dies!
The dead are walking!
The bullfrog closely misses you. The adder bites you.
The gnoll closely misses the bullfrog.
The gnoll barely misses itself.
The yak barely misses you.
You climb upwards.
Level annotation: 2 transporters, cayman329's ghost, amateur GnCA
There is a stone staircase leading down here.
As you read the scroll of teleportation, it crumbles to dust.
You feel strangely unstable. The bullfrog closely misses you.
The adder bites you but does no damage. The yak closely misses you.
The adder attacks as you move away! The adder closely misses you.
The bullfrog hits you.
* * * LOW HITPOINT WARNING * * *
The bullfrog barely misses you. The yak gores you!
* * * LOW HITPOINT WARNING * * *
The bullfrog barely misses you. The adder barely misses you.
The yak attacks as you move away! The yak gores you!
You die...
Your body rises from the dead as a mindless zombie.

...#.# #.###.#..# #.# ##.#Z#
#..##.#.#### #.#
##...#####.#.......# #.#
##...ZZZ##.........# #.#
####...............# #.#####
...................###.#...####
.)).................##........#
........................~~~~~.##
#...............@..............#
#..............YSF..........~~.#
#...............>.............##
)))........................####
#....................#######
#)).................##
#............#.....##
#............#######
######.......#


You could see a yak, a bullfrog and an adder.

Vanquished Creatures
  3 yaks (D:5)
  Pargi (Sewer)
  An ogre (D:3)
  2 scorpions (D:5)
  A howler monkey (D:5)
  A bullfrog zombie (D:5)
  3 hounds
  5 orc priests
  A jelly (D:3)
  Jessica (D:2)
  2 iguanas
  4 orc wizards
  Ijyb (D:3)
  2 gnolls (D:6)
  6 adders
  A river rat (D:3)
  A shadow imp (D:5)
  A white imp (D:6)
  An ufetubus (D:5)
  3 worms
  A dart slug (D:2)
  14 orcs
  9 endoplasms
  7 giant cockroaches
  A gnoll zombie (D:6)
  11 hobgoblins
  6 jackals
  7 kobolds
  5 quokkas
  7 ball pythons
  9 bats
  3 frilled lizards
  7 goblins
  An orc zombie (D:5)
  10 rats
139 creatures vanquished.

Vanquished Creatures (collateral kills)
  A bullfrog (D:5)
  An adder (D:5)
  A gnoll (D:6)
  6 orcs (D:5)
9 creatures vanquished.

Vanquished Creatures (others)
  An adder zombie (D:5)
  A spectral shadow imp (D:5)
  A gnoll zombie (D:6)
  5 orc zombies (D:5)
  A spectral ufetubus (D:5)
9 creatures vanquished.

Grand Total: 157 creatures vanquished

Notes
Turn   | Place    | Note
-------+----------+-------------------------------------------
     0 | D:1      | GimliDwarf the Gnoll Wanderer began the quest for the Orb.
     0 | D:1      | GimliDwarf set off with the following items: a +0 club, a
                  | scroll of teleportation, a +0 robe, a piece from Xom's
                  | chessboard (15/15); and the following spells available to
                  | memorise: Beastly Appendage, Magic Dart, Sting, Mephitic
                  | Cloud, Ice Form.
     0 | D:1      | Reached XP level 1. HP: 13/13 MP: 8/8
    15 | D:1      | Learned a level 1 spell: Magic Dart
   171 | D:1      | Reached XP level 2. HP: 19/19 MP: 7/10
   424 | D:1      | Found a faded altar of an unknown god.
   591 | D:1      | Found Raerivor's Magic Scroll Emporium.
   601 | D:1      | Bought a scroll of identify for 20 gold pieces
   619 | D:1      | Reached XP level 3. HP: 25/25 MP: 5/11
  1535 | D:2      | Reached skill level 1 in Invocations
  1773 | D:2      | Noticed Jessica
  1778 | D:2      | Learned a level 1 spell: Sting
  1782 | D:2      | Learned a level 3 spell: Mephitic Cloud
  1837 | D:2      | Reached skill level 1 in Fighting
  1837 | D:2      | Reached skill level 1 in Short Blades
  1837 | D:2      | Reached skill level 1 in Long Blades
  1837 | D:2      | Reached skill level 1 in Axes
  1837 | D:2      | Reached skill level 1 in Maces & Flails
  1837 | D:2      | Reached skill level 1 in Polearms
  1837 | D:2      | Reached skill level 1 in Staves
  1837 | D:2      | Reached skill level 1 in Ranged Weapons
  1837 | D:2      | Reached skill level 1 in Throwing
  1837 | D:2      | Reached skill level 1 in Armour
  1837 | D:2      | Reached skill level 1 in Dodging
  1837 | D:2      | Reached skill level 1 in Shields
  1837 | D:2      | Reached skill level 1 in Unarmed Combat
  2122 | D:2      | Killed Jessica
  2123 | D:2      | Reached XP level 4. HP: 32/32 MP: 3/13
  2317 | D:2      | Reached skill level 1 in Hexes
  2317 | D:2      | Reached skill level 1 in Summonings
  2317 | D:2      | Reached skill level 1 in Necromancy
  2317 | D:2      | Reached skill level 1 in Translocations
  2317 | D:2      | Reached skill level 1 in Fire Magic
  2317 | D:2      | Reached skill level 1 in Ice Magic
  2317 | D:2      | Reached skill level 1 in Air Magic
  2317 | D:2      | Reached skill level 1 in Earth Magic
  2317 | D:2      | Reached skill level 1 in Poison Magic
  3124 | D:3      | Reached XP level 5. HP: 37/37 MP: 9/14
  3276 | D:3      | Found a glowing golden altar of the Shining One.
  3281 | D:3      | Found an iron altar of Okawaru.
  3286 | D:3      | Found a broken altar of Ashenzari.
  3427 | D:3      | Noticed Ijyb
  3447 | D:3      | Killed Ijyb
  3473 | D:3      | Found a glowing drain.
  3482 | Sewer    | Entered a sewer
  3527 | Sewer    | Noticed Pargi
  3536 | Sewer    | Killed Pargi
  3537 | Sewer    | Reached XP level 6. HP: 44/44 MP: 9/16
  3693 | Sewer    | Reached skill level 5 in Evocations
  3848 | D:3      | Found Gutz's Book Shop.
  4474 | D:3      | Reached XP level 7. HP: 51/51 MP: 4/18
  4656 | D:4      | Learned a level 3 spell: Vampiric Draining
  4728 | D:4      | Reached skill level 5 in Stealth
  5059 | D:4      | Found a staircase to the Ecumenical Temple.
  5298 | Temple   | Entered the Ecumenical Temple
  5344 | Temple   | Became a worshipper of Yredelemnul the Dark
  5967 | D:5      | Entered Level 5 of the Dungeon
  5967 | D:5      | Noticed a yak
  5968 | D:5      | Noticed a yak
  5968 | D:5      | Noticed a yak
  6219 | D:5      | Reached XP level 8. HP: 57/58 MP: 17/19
  6300 | D:5      | Reached * piety under Yredelemnul
  6430 | D:5      | Found a transporter.
  6435 | D:5      | Noticed cayman329's ghost (amateur GnCA)
  6441 | D:5      | Found a transporter.
  6454 | D:5      | Found Himiamu's Specific Store.
  6458 | D:5      | Found Zuenlice's General Store.
  6703 | D:5      | Killed a yak
  6704 | D:5      | Reached skill level 8 in Spellcasting
  6717 | D:5      | Killed a yak
  6720 | D:5      | Killed a yak
  6721 | D:5      | Reached ** piety under Yredelemnul
  7091 | D:6      | Noticed a yak
  7092 | D:6      | Noticed a yak
  7094 | D:6      | Noticed a yak
  7099 | D:6      | Reached skill level 5 in Transmutations
  7108 | D:5      | Mangled by a yak

Illustrated notes

Levels and vault maps discovered:
D:1:      heliophobic_arrival_battle_scene, layout_basic,
          ebering_ecumenical_altar_sacrificial, serial_shops,
          nicolae_shop_advertising_works [nicolae_subvault_shop_adworks],
          eino_curves_01, roderic_lattice_a
D:2:      layout_loops_corners, minmay_hexomino_f4, uniq_jessica
D:3:      layout_basic, grunt_temple_overflow_diamond, portal_sewer_entry_b,
          serial_shops, shop, chequers_serial_rivers_micro_a,
          minmay_misc_feat_pillars, uniq_ijyb
D:4:      layout_loops_ring, minmay_temple_entry_junction_2
D:5:      layout_rooms, gammafunk_ghost_arena, nicolae_specific_store,
          chequers_serial_rivers_micro_c, corexii_corridor_pit
D:6:      layout_loops_cross, mainiacjoe_overflow_six_doors_small, serial_shops,
          nicolae_shop_behind_doors
Temple:   cyrus_temple_forest

Skill      XL: |  1  2  3  4  5  6  7  8 |
---------------+-------------------------+-----
Conjurations   | 2 3 |  3.8
Invocations    | 1 2 3 4 |  4.1
Fighting       | 1 2 3 |  3.7
Short Blades   | 1 2 3 |  3.7
Long Blades    | 1 2 3 |  3.7
Axes           | 1 2 3 |  3.7
Maces & Flails | 1 2 3 |  3.7
Polearms       | 1 2 3 |  3.7
Staves         | 1 2 3 |  3.7
Ranged Weapons | 1 2 3 |  3.7
Throwing       | 1 2 3 |  3.7
Armour         | 1 2 3 |  3.7
Dodging        | 1 2 3 |  3.7
Shields        | 1 2 3 |  3.7
Unarmed Combat | 1 2 3 |  3.7
Hexes          | 1 2 3 |  3.1
Summonings     | 1 2 3 |  3.1
Necromancy     | 1 2 3 |  3.1
Translocations | 1 2 3 |  3.1
Fire Magic     | 1 2 3 |  3.1
Ice Magic      | 1 2 3 |  3.1
Air Magic      | 1 2 3 |  3.1
Earth Magic    | 1 2 3 |  3.1
Poison Magic   | 1 2 3 |  3.1
Transmutations | 4 5 |  5.0
Evocations     | 5 6 |  6.0
Stealth        | 5 |  5.7
Spellcasting   | 8 |  8.1

Action                     |  1- 3 |  4- 6 |  7- 9 || total
---------------------------+-------+-------+-------++-------
  Melee: Short sword       |       |    31 |    58 ||    89
         Bite              |       |     4 |    14 ||    18
         Punch             |       |     4 |       ||     4
         Dagger            |       |       |    36 ||    36
   Cast: Magic Dart        |    97 |   102 |    74 ||   273
         Sting             |     2 |    27 |    31 ||    60
         Mephitic Cloud    |     1 |     4 |    13 ||    18
  Evoke: Wand              |       |       |     1 ||     1
    Use: Scroll            |       |     2 |     6 ||     8
         Potion            |       |     1 |       ||     1
   Stab: Confused          |       |     5 |     4 ||     9
 Armour: Robe              |       |    23 |    23 ||    46
  Dodge: Dodged            |     6 |    46 |    80 ||   132
